 Dungeon Crawl Stone Soup version 0.25-a0-502-g6516661 (webtiles) character file.

Game seed: 13235617909511127076, levelgen mode: deterministic

33 drc500free the Vandal (level 3, -4/24 HPs)
             Began as a Halfling Hunter on Feb 12, 2020.
             Killed from afar by Sigmund (10 damage)
             ... with a magic dart
             ... on level 2 of the Dungeon.
             The game lasted 00:04:56 (1043 turns).

drc500free the Vandal (Halfling Hunter)             Turns: 1043, Time: 00:04:56

Health: -4/24      AC:  3    Str: 13    XL:     3   Next: 47%
Magic:  3/3        EV: 14    Int:  9    God:
Gold:   31         SH:  0    Dex: 15    Spells: 2/2 levels left

rFire    . . .     SeeInvis .   a - +1 hunting sling
rCold    . . .     Gourm    .   (shield restricted)
rNeg     . . .     Faith    .   c - +0 leather armour
rPois    .         Spirit   .   (no helmet)
rElec    .         Reflect  .   (no cloak)
rCorr    +         Harm     .   (no gloves)
MR       +....                  (no boots)
Stlth    ++........             (no amulet)
HPRegen  0.08/turn              j - ring of protection from magic
MPRegen  0.08/turn              m - ring of resist corrosion

@: no status effects
A: small, mutation resistance 1
a: no special abilities


You were on level 2 of the Dungeon.
You were not hungry.

You visited 1 branch of the dungeon, and saw 2 of its levels.

You collected 31 gold pieces.

Inventory:

Hand Weapons
 a - a +1 hunting sling (weapon)
 b - a +0 short sword
Missiles
 d - 13 sling bullets (quivered)
 i - 25 stones
 l - 4 curare-tipped darts
Armour
 c - a +0 leather armour (worn)
 e - a +0 robe
Jewellery
 j - a ring of protection from magic (left hand)
 m - a ring of resist corrosion (right hand)
Scrolls
 h - 2 scrolls of identify {unknown}
 k - a scroll of amnesia {unknown}
Potions
 g - 2 potions of curing {unknown}
 n - a potion of might {unknown}
Comestibles
 f - a ration


   Skills:
 + Level 1.9 Fighting
 + Level 7.1 Slings
 + Level 0.3 Armour
 + Level 2.3 Dodging
 + Level 1.1 Stealth


You had 2 spell levels left.
You didn't know any spells.
Your spell library was empty.

Dungeon Overview and Level Annotations

Branches:
Dungeon (2/15)

Altars:

Annotations:
D:2 Sigmund


Innate Abilities, Weirdness & Mutations

You are small and have problems with some larger weapons.
You are somewhat resistant to further mutation.


Message History

Things that are here:
a +0 short sword; a bat corpse
d - 10 sling bullets (gained 1)
d - 12 sling bullets (gained 2)
You see here 2 sling bullets.
Sigmund hits you from afar with a +0 scythe!
You see here 2 sling bullets.
d - 14 sling bullets (gained 2) Firing (i - inventory. (/) - cycle)
d - 14 sling bullets (quivered)
Press: ? - help, Shift-Dir - straight line, f - Sigmund
Aim: Sigmund, wielding a +0 scythe and wearing a +0 robe You shoot a sling bullet.
The sling bullet barely misses Sigmund.
Sigmund hits you from afar with a +0 scythe!
* * * LOW HITPOINT WARNING * * *
Sigmund gestures wildly while chanting.
Sigmund flickers and vanishes!
Deactivating autopickup; reactivate with Ctrl-A.
A magic dart appears from out of thin air!
The magic dart hits you!
You die...

..## #... #.#.# #.#) ....#
###... #.#.# ..(.. #.#.#
#... ###.#.###
##.#{########## #.......
#........@....####.#.#.#
...!#......####..).......##
. #...####.# ######.#....#
##.# #.# #.####.# #. #.#
#.# ..# # #.# #.. .. #.#
### .# #!# #


There were no monsters in sight!

Vanquished Creatures
  A worm (D:2)
  A dart slug (D:1)
  A leopard gecko (D:1)
  3 giant cockroaches (D:1)
  A goblin (D:1)
  2 hobgoblins (D:1)
  A quokka (D:2)
  8 bats
  A frilled lizard (D:1)
  5 kobolds
  4 rats (D:1)
28 creatures vanquished.

Notes
Turn   | Place    | Note
-------+----------+-------------------------------------------
     0 | D:1      | drc500free the Halfling Hunter began the quest for the Orb.
     0 | D:1      | Reached XP level 1. HP: 14/14 MP: 1/1
    62 | D:1      | Reached skill level 6 in Slings
   200 | D:1      | Reached XP level 2. HP: 18/19 MP: 2/2
   354 | D:1      | Reached XP level 3. HP: 24/24 MP: 3/3
   972 | D:2      | Noticed Sigmund
   979 | D:2      | Reached skill level 7 in Slings
  1043 | D:2      | Killed from afar by Sigmund

Levels and vault maps discovered:
D:1:      heliophobic_arrival_glass_houses, layout_loops_cross
D:2:      layout_loops_ring, chequers_temple_overflow_minitemple,
          kennysheep_slug_shrine, uniq_robin, uniq_sigmund

Skill      XL: |  1  2  3 |
---------------+----------+-----
Slings         | 6 7 |  7.1
Fighting       | |  1.9
Armour         | |  0.3
Dodging        | |  2.3
Stealth        | |  1.1

Action                   || total
-------------------------++-------
Melee: Short sword       ||     1
 Fire: Hunting sling     ||    74
Armor: Leather armour    ||     6
Dodge: Dodged            ||    23

Table legend:
 A = Non-vault XP
 B = Vault XP
 C = Vault XP percentage of total XP
 D = Non-vault monster count
 E = Vault monster count
 F = Vault count percentage of total count
                 A         B        C        D         E       F
            +---------+---------+-------+---------+---------+-------
      Total |      48 |       0 |   0.0 |      28 |       0 |   0.0
            +---------+---------+-------+---------+---------+-------
        D:1 |      39 |       0 |   0.0 |      24 |       0 |   0.0
        D:2 |       9 |       0 |   0.0 |       4 |       0 |   0.0
            +---------+---------+-------+---------+---------+-------
